 Dungeon Sprint DCSS version 0.26-b1-59-ge38874ec40 (webtiles) character file.

Game seed: 10329183537526263627

440 radhat240 the Fighter (level 6, -1/96 HPs)
             Began as a Minotaur Fighter on Jan 8, 2021.
             Slain by Sonja
             ... wielding a +2 dagger of venom
              (3 damage)
             ... in the Dungeon (Sprint I: "Red Sonja").
             The game lasted 00:01:45 (391 turns).

radhat240 the Fighter (Minotaur Fighter)             Turns: 391, Time: 00:01:47

Health: -1/96      AC:  4    Str: 23    XL:     6   Next: 70%
Magic:  5/5        EV:  8    Int:  5    God:
Gold:   323        SH: 11    Dex:  9    Spells: 5/5 levels left

rFire    . . .     SeeInvis .   a - +0 war axe
rCold    . . .     Faith    .   c - +0 kite shield
rNeg     . . .     Spirit   .   b - +0 scale mail
rPois    .         Reflect  .   (helmet restricted)
rElec    .         Harm     .   (no cloak)
rCorr    .         Rampage  .   (no gloves)
Will     .....     NoTele   +   (no boots)
Stlth    ..........             (no amulet)
HPRegen  0.26/turn              (no ring)
MPRegen  0.09/turn              (no ring)

@: berserking (expiring), lethally poisoned (-1 -> -28), corroded, hasted and
slowed
A: retaliatory headbutt, horns 2
a: no special abilities


You were in the Dungeon.
You visited 1 branch You collected 323 gold pieces.

Inventory:

Hand Weapons
 a - a +0 war axe (weapon)
Armour
 b - a +0 scale mail (worn)
 c - a +0 kite shield (worn)
Wands
 k - a wand of random effects (13)
Scrolls
 j - a scroll of blinking
Potions
 d - a potion of mutation {unknown}
 e - a potion of curing
 f - a potion of heal wounds
 h - 2 potions of magic
 l - a potion of resistance {unknown}


   Skills:
 + Level 9.6 Fighting
 + Level 8.7 Axes
 + Level 9.5 Armour
 + Level 9.4 Shields


You had 5 spell levels left.
You didn't know any spells.
Your spell library was empty.

Dungeon Overview and Level Annotations

Branches:
Dungeon (1/1)

Altars:
Cheibriados
Dithmenos
Elyvilon
Fedhas
Gozag
Hepliaklqana
Kikubaaqudgha
Nemelex Xobeh
Okawaru
Qazlal
Ru
Sif Muna
Trog
Uskayaw
Vehumet
Wu Jian
Yredelemnul
Zin
The Shining One

Shops:
D *

Annotations:
D Sonja


Innate Abilities, Weirdness & Mutations

You reflexively headbutt those who attack you in melee.
You have a pair of horns on your head.


Message History

You are lethally poisoned!
Sonja hits you with a +2 dagger of venom.
* * * LOW HITPOINT WARNING * * *
You are more poisoned.
You block Sonja's attack.
Sonja zaps a wand.
The bolt of acid misses you.
You completely miss Sonja.
Sonja is almost dead.
* * * LOW HITPOINT WARNING * * *
You feel sick.
You block Sonja's attack. x2; Sonja barely misses you.
Sonja hits you with a +2 dagger of venom.
* * * LOW HITPOINT WARNING * * *
You are more poisoned.
Sonja misses you. Sonja hits you but does no damage.
You miss Sonja.
Sonja is almost dead.
* * * LOW HITPOINT WARNING * * *
You feel very sick. You block Sonja's attack. Sonja closely misses you.
Sonja hits you with a +2 dagger of venom.
You die...

################
#<.#..)..#..'..#
#..').#..)..#..+
#..#####'#####'#
#..## #..#...#.#
##(§
#..#__####..##.#§≈§§
#..#_____##(#_.+≈§§
#⌠⌠#_.∩..(@..._#≈§≈§
####_..__##K.#'# +##
#_____ ##'#.# ######
#.### $.$ $.$# ##.##
#+#


You could see Sonja.

Vanquished Creatures
  Sigmund (D)
  A yak (D)
  An ogre (D)
  A jelly (D)
  Ijyb (D)
5 creatures vanquished.

Notes
Turn   | Place    | Note
-------+----------+-------------------------------------------
     0 | D        | radhat240 the Minotaur Fighter began the quest for the Orb.
     0 | D        | Reached XP level 1. HP: 19/19 MP: 0/0
     2 | D        | Noticed Ijyb
     9 | D        | Killed Ijyb
    10 | D        | Reached skill level 5 in Fighting
    10 | D        | Reached skill level 5 in Armour
    10 | D        | Reached skill level 5 in Shields
    10 | D        | Reached XP level 2. HP: 29/29 MP: 1/1
    13 | D        | Noticed an ogre
    19 | D        | Killed an ogre
    20 | D        | Reached skill level 5 in Axes
    20 | D        | Reached XP level 3. HP: 38/38 MP: 2/2
    20 | D        | Reached XP level 4. HP: 45/45 MP: 3/3
    29 | D        | Noticed Sigmund
    38 | D        | Killed Sigmund
    39 | D        | Reached XP level 5. HP: 41/56 MP: 4/4
   132 | D        | Found a shimmering blue altar of Sif Muna.
   133 | D        | Found an ornate altar of the Wu Jian Council.
   134 | D        | Found a radiant altar of Vehumet.
   138 | D        | Reached XP level 6. HP: 57/62 MP: 5/5
   155 | D        | Found Voemu's General Store.
   155 | D        | Found an ancient bone altar of Kikubaaqudgha.
   155 | D        | Found a hazy altar of Hepliaklqana.
   155 | D        | Found a stormy altar of Qazlal.
   155 | D        | Found a hide-covered altar of Uskayaw.
   155 | D        | Found a blossoming altar of Fedhas.
   155 | D        | Found a bloodstained altar of Trog.
   155 | D        | Found an iron altar of Okawaru.
   155 | D        | Found a basalt altar of Yredelemnul.
   155 | D        | Found a glowing golden altar of the Shining One.
   155 | D        | Found a snail-covered altar of Cheibriados.
   155 | D        | Found a sacrificial altar of Ru.
   155 | D        | Found a glowing silver altar of Zin.
   155 | D        | Found a shadowy altar of Dithmenos.
   155 | D        | Found a white marble altar of Elyvilon.
   155 | D        | Noticed a yak
   162 | D        | Killed a yak
   164 | D        | Found an opulent altar of Gozag.
   377 | D        | Noticed Sonja
   381 | D        | Found a sparkling altar of Nemelex Xobeh.
   390 | D        | HP: 4/96 [Sonja/+2 dagger of venom (2)]
   391 | D        | Slain by Sonja

Illustrated notes

Levels and vault maps discovered:
D:        dungeon_sprint_1 [red_sonja_temple_1, red_sonja_temple_small_1]

Skill      XL: |  1  2  3  4  5  6 |
---------------+-------------------+-----
Fighting       | 5 6 8 9 |  9.6
Axes           | 3 5 7 8 |  8.7
Armour         | 5 6 8 9 |  9.5
Shields        | 5 6 8 9 |  9.4

Action                   |  1- 3 |  4- 6 || total
-------------------------+-------+-------++-------
Melee: War axe           |    11 |    19 ||    30
       Headbutt          |     2 |     6 ||     8
  Use: Potion            |     1 |     2 ||     3
Armor: Scale mail        |     1 |     5 ||     6
Dodge: Dodged            |     5 |     8 ||    13
Block: Kite shield       |     5 |    17 ||    22
